Map: Inferno Pools (Void)

Players

PULSAR - Winner!

  • Race: Zerg Zerg

Javert

  • Race: Zerg Zerg

VOD

Have the link to the VOD?

Description

Time

  • Played on: May 1, 2015, 6:18 p.m.
  • Length: 12:02
Show
View Real Time Build Order
Export as new Build Order

PULSAR Zerg - Winner!

Build Orders: Pool First 

Get SALT Encoding   

  12  0:01  Drone  
  13  0:12  Overlord  
  13  0:17  Drone  
  14  0:31  Drone x2  
  16  0:38  Drone  
  17  0:45  Drone  
  18  0:56  Drone, Spawning Pool  
  18  1:06  Drone  
  18  1:08  Extractor  
  18  1:25  Hatchery, Drone  
  18  1:36  Drone  
  19  1:43  Overlord  
  19  1:44  Queen  
  21  1:55  Drone  
  22  2:05  Zergling x2  
  23  2:12  Drone  
  24  2:20  Queen  
  26  2:23  Overlord  
  26  2:27  Metabolic Boost  
  26  2:32  Baneling Nest  
  25  2:37  Zergling x4  
  25  2:39  Queen  
  29  2:50  Zergling x4  
  31  2:52  Drone  
  31  2:53  Drone  
  33  3:01  Overlord  
  33  3:09  Drone x3  
  36  3:14  Overlord  
  36  3:25  Drone x2  
  38  3:31  Drone  
  38  3:32  Drone x3  
  42  3:36  Drone  
  42  3:38  Drone  
  44  3:43  Overlord  
  44  3:46  Drone  
  45  3:54  Drone  
  46  3:58  Drone x4  
  50  4:03  Zergling x2  
  50  4:05  Zergling x6  
  54  4:15  Zergling x2  
  54  4:16  Zergling x4  
  57  4:31  Drone x3  
  60  4:38  Drone  
  60  4:40  Extractor  
  60  4:43  Extractor  
  57  4:47  Extractor  
  57  4:49  Roach Warren  
  53  4:53  Spine Crawler, Zergling x6  
  53  4:54  Spine Crawler x2  
  53  4:55  Spine Crawler  
  52  5:03  Drone x2  
  50  5:41  Roach x5  
  58  5:43  Overlord x3  
  47  6:08  Roach x8  
  58  6:25  Roach  
  58  6:26  Roach x4  
  58  6:30  Roach  
  64  6:33  Lair  
  66  6:40  Ravager x4  
  66  6:44  Roach x2  
  72  6:49  Drone  
  72  6:52  Roach x5  
  83  7:00  Drone  
  84  7:05  Overlord x2  
  84  7:06  Hatchery  
  83  7:11  Drone  
  84  7:18  Overlord x2  
  84  7:26  Drone x3  
  87  7:32  Glial Reconstitution  
  87  7:36  Evolution Chamber  
  86  7:38  Evolution Chamber, Drone  
  86  7:50  Drone x4  
  90  8:01  Drone x5  
  95  8:22  Queen  
  95  8:24  Roach x5  
  107  8:36  Roach x4  
  115  8:41  Roach x2  
  119  8:52  Roach  
  121  8:58  Overlord x2  
  111  9:25  Roach x7  
  111  9:26  Roach x2  
  111  9:29  Zerg Missile Weapons Level 1, Zerg Ground Armor Level 1  
  127  9:46  Hatchery  
  127  9:50  Roach x4  
  127  9:51  Roach x2  
  122  10:09  Roach x4  
  130  10:18  Overlord x4  
  130  10:32  Overlord  
  130  10:33  Overlord x3  
  130  10:39  Roach x7  
  130  10:40  Hydralisk Den  
  130  10:42  Ravager x6  
  149  10:58  Roach x7  
  163  11:10  Roach x2  
  163  11:11  Roach x4  
  175  11:28  Drone x8  
  175  11:29  Drone  
  186  11:48  Drone x4  
  186  11:49  Drone x2  
Show
View Real Time Build Order
Export as new Build Order

Javert Zerg 

Build Orders: Hatch First 

Get SALT Encoding   

  12  0:01  Drone  
  13  0:13  Overlord  
  13  0:18  Drone  
  14  0:32  Drone x2  
  16  0:36  Drone  
  17  0:52  Hatchery  
  16  0:57  Drone  
  16  0:59  Extractor  
  16  1:14  Spawning Pool  
  16  1:16  Drone  
  17  1:18  Drone  
  17  1:23  Drone  
  18  1:31  Drone  
  19  1:40  Drone  
  20  1:52  Overlord  
  20  2:00  Metabolic Boost  
  20  2:02  Queen  
  20  2:07  Queen  
  24  2:15  Zergling x6  
  26  2:22  Drone  
  28  2:32  Drone  
  28  2:33  Drone  
  31  2:51  Drone x3  
  31  2:52  Drone  
  34  3:07  Roach Warren  
  34  3:09  Drone x3  
  34  3:10  Overlord  
  34  3:30  Extractor  
  33  3:36  Zergling x2  
  33  3:37  Zergling x14  
  40  3:46  Overlord x2  
  40  3:50  Roach  
  42  4:03  Overlord  
  42  4:06  Lair  
  42  4:11  Roach x7  
  56  4:29  Roach x3  
  58  4:35  Drone x2  
  58  4:36  Drone x2  
  59  4:52  Overlord  
  59  4:53  Drone x4  
  63  5:05  Baneling Nest  
  63  5:06  Drone x2  
  64  5:10  Glial Reconstitution  
  64  5:12  Extractor  
  60  5:41  Drone x3  
  60  5:42  Drone x10  
  73  5:52  Ravager  
  70  6:12  Drone x5  
  70  6:15  Roach x3  
  71  6:21  Drone x2  
  71  6:25  Extractor  
  70  6:30  Ravager x3  
  73  6:38  Ravager  
  73  6:39  Roach  
  71  6:40  Roach  
  71  6:41  Roach  
  71  6:47  Evolution Chamber  
  74  6:49  Ravager  
  74  6:50  Ravager  
  74  6:51  Evolution Chamber, Overlord x2  
  72  7:04  Roach x2  
  76  7:13  Overlord  
  76  7:14  Extractor  
  75  7:16  Hatchery  
  75  7:18  Extractor  
  75  7:21  Roach x7  
  87  7:23  Zerg Missile Weapons Level 1  
  89  7:37  Roach x5  
  89  7:43  Overlord x2  
  97  7:55  Hatchery  
  97  7:56  Ravager, Extractor  
  97  7:57  Extractor  
  95  7:59  Drone x2  
  95  8:00  Drone x3  
  100  8:08  Drone x3  
  103  8:17  Hydralisk Den  
  103  8:18  Burrow  
  102  8:26  Drone x5  
  107  8:40  Roach x4  
  115  8:44  Ravager x2  
  115  8:45  Drone x3  
  120  8:52  Drone  
  120  8:53  Drone  
  120  9:04  Hatchery  
  120  9:07  Extractor x2  
  115  9:10  Drone x5  
  115  9:11  Drone x3  
  121  9:24  Overlord x3, Lurker Den  
  121  9:36  Zerg Missile Weapons Level 2  
  121  9:37  Zerg Ground Armor Level 1  
  121  9:42  Queen x3  
  104  9:54  Roach x3  
  104  9:55  Roach x6  
  113  10:09  Roach  
  113  10:10  Roach x9  
  133  10:21  Roach x9  
  133  10:28  Overlord  
  133  10:29  Overlord  
  133  10:30  Hatchery  
  133  10:32  Roach  
  133  10:33  Roach x2  
  138  10:44  Roach x22  
  135  10:57  Roach x9  
  143  11:01  Ravager  
  153  11:21  Overlord x2  
  153  11:22  Overlord  
  153  11:29  Overlord  
  153  11:30  Overlord x2  
  153  11:36  Hatchery, Overlord x2  
  152  11:46  Hatchery  
  151  11:48  Ravager x3  
  151  11:49  Ravager x6  
Tags
 
Add a new tag
Caveats
  • Supply blocks, unpowered buildings, or Contaminate may cause inaccurate times.
  • Supply counts are checked every 10 seconds.